 Dungeon Crawl Stone Soup version 0.18.1-50-g88ac8fd (webtiles) character file.

392 Inchmeat the Magician (level 6, 0/43 HPs)
             Began as a Demonspawn Fire Elementalist on Sept 15, 2016.
             Was an Initiate of Vehumet.
             Slain by a gnoll
             ... wielding a +0 short sword
              (2 damage)
             ... on level 3 of the Dungeon.
             The game lasted 00:14:50 (5162 turns).

Inchmeat the Magician (DsFE)                        Turns: 5162, Time: 00:14:51

Health: 0/43       AC:  2    Str: 10 (11) XL:     6   Next: 50%
Magic:  12/13      EV: 11    Int: 15 (16) God:    Vehumet [......]
Gold:   273        SH:  3    Dex: 11 (13) Spells: 3 memorised, 6 levels left

rFire  . . .     SeeInvis .     n - +0 hand axe (venom)
rCold  . . .     Gourm    .     a - +0 robe
rNeg   . . .     Faith    .     s - +0 buckler
rPois  .         Spirit   .     (no helmet)
rElec  .         Dismiss  .     (no cloak)
rCorr  .         Reflect  .     (no gloves)
SustAt .         Harm     .     (no boots)
MR     .....                    (no amulet)
Stlth  ++........               (no ring)
                                (no ring)

@: very slightly contaminated, not resistant to hostile enchantments, unstealthy
A: talons 2
a: Renounce Religion


You were on level 3 of the Dungeon.
You worshipped Vehumet.
Vehumet was noncommittal.
You were not hungry.

You visited 2 branches of the dungeon, and saw 5 of its levels.

You collected 273 gold pieces.

Inventory:

Hand Weapons
 i - a +0 hand axe
 j - a +0 whip
 n - a +0 hand axe of venom (weapon)
Missiles
 d - 5 tomahawks (quivered)
 r - 2 exploding tomahawks
Armour
 a - a +0 robe (worn)
 s - a +0 buckler (worn)
Jewellery
 q - an uncursed ring of fire {unknown}
Scrolls
 e - 2 scrolls of fog {unknown}
 g - 2 scrolls of fear
 m - a scroll of identify
 p - 2 scrolls of teleportation {unknown}
 v - a scroll of magic mapping
Potions
 f - a potion of haste
 h - a potion of curing
 k - a potion of resistance
Books
 b - a book of Flames

   Spells                             Type                      Level
   a - Flame Tongue                   Conjuration/Fire             1
   b - Throw Flame                    Conjuration/Fire             2
   c - Conjure Flame                  Conjuration/Fire             3
   d - Inner Flame                    Hexes/Fire                   3
   e - Sticky Flame                   Conjuration/Fire             4
   f - Fireball                       Conjuration/Fire             5
Comestibles
 c - 4 bread rations
 l - 2 beef jerkies
 o - 7 chunks of flesh
 u - 2 fruits


   Skills:
 + Level 1.4 Fighting
 - Level 0.5 Maces & Flails
 - Level 1.7 Dodging
 - Level 1.8 Stealth
 * Level 4.7 Spellcasting
 - Level 1.0 Conjurations
 * Level 4.7 Fire Magic


You had 6 spell levels left.
You knew the following spells:

 Your Spells              Type           Power        Failure   Level  Hunger
a - Flame Tongue          Conj/Fire      ##...        10%         1    None
b - Sticky Flame          Conj/Fire      ##......     83%         4    ####...
c - Conjure Flame         Conj/Fire      ##......     28%         3    ###....


Dungeon Overview and Level Annotations

Branches:
Dungeon (4/15)             Temple (1/1) D:4

Altars:
Elyvilon
Fedhas
Kikubaaqudgha
Makhleb
Nemelex Xobeh
Okawaru
Pakellas
Ru
Sif Muna
Trog
Vehumet
Xom
Yredelemnul
Zin


Innate Abilities, Weirdness & Mutations

You have razor-sharp toenails.


Message History

Press: ? - help, Shift-Dir - straight line, f/p - gnoll
Aim: a gnoll, wielding a flail (almost dead, poisoned)
The flame tongue hits the gnoll.
You kill the gnoll!
Vehumet accepts your kill. The gnoll closely misses you.
You block the gnoll's attack. The gnoll hits you with a short sword!
* * * LOW HITPOINT WARNING * * *
You climb upwards.
There is a stone staircase leading down here.
The gnoll looks more healthy.
Drink which item? (? for menu, Esc to quit)
You feel better. The gnoll hits you with a short sword.
* * * LOW HITPOINT WARNING * * *
You hit the gnoll.
The gnoll is poisoned.
The gnoll is severely wounded.
The gnoll hits you with a short sword!
* * * LOW HITPOINT WARNING * * *
The gnoll hits you with a short sword.
You die...

#.# #.## #.#.# ##.##
### ##.# #.# #.#.#
#.# ##. )..# #.#
#.#.# #.# ##. ####
#.# #.#.# #.# #.. #.#
#...# ###.####.# #.#
###.# #....[...# #.#
#.# #.#####.## #.#
#.# #.# #.#
#.########@## #.# #)#
#.#......g..# #.# #.#
#.#.#######.# #.# #.#
#.#.# #.# #.# #.#
#.#>#
#.######.#####.#
#.#.#
#..............#
#...#
#..#############
###.# #..^#
#########.#######.#.#


You could see a gnoll.

Vanquished Creatures
  2 scorpions (D:4)
  A howler monkey (D:4)
  An orc wizard (D:4)
  An orc priest (D:3)
  A worker ant (D:4)
  A gnoll (D:4)
  5 adders
  2 oozes (D:3)
  5 worms
  2 dart slugs
  2 giant geckos (D:1)
  11 orcs
  9 giant cockroaches
  5 goblins
  7 hobgoblins
  6 kobolds
  3 quokkas
  A ball python (D:3)
  10 bats
  3 giant newts
  5 rats
83 creatures vanquished.

Notes
Turn   | Place    | Note
--------------------------------------------------------------
     0 | D:1      | Inchmeat the Demonspawn Fire Elementalist began the quest for the Orb.
     0 | D:1      | Reached XP level 1. HP: 13/13 MP: 3/3
   210 | D:1      | Gained mutation: You have sharp toenails. [demonic ancestry]
   210 | D:1      | Reached XP level 2. HP: 19/19 MP: 1/5
   263 | D:1      | Learned a level 2 spell: Throw Flame
  1138 | D:2      | Reached XP level 3. HP: 10/24 MP: 1/6
  1464 | D:2      | Learned a level 3 spell: Conjure Flame
  2036 | D:2      | Reached XP level 4. HP: 9/30 MP: 0/8
  2263 | D:2      | Learned a level 4 spell: Sticky Flame
  3488 | D:3      | Found a sparkling altar of Nemelex Xobeh.
  3488 | D:3      | Found an oddly glowing altar of Pakellas.
  3539 | D:3      | Gained mutation: You have razor-sharp toenails. [demonic ancestry]
  3539 | D:3      | Reached XP level 5. HP: 35/35 MP: 2/10
  3657 | D:3      | Found an ancient bone altar of Kikubaaqudgha.
  3695 | D:3      | Found a white marble altar of Elyvilon.
  3698 | D:3      | Found a deep blue altar of Sif Muna.
  3700 | D:3      | Found a sacrificial altar of Ru.
  3900 | D:4      | Found a blossoming altar of Fedhas.
  4354 | D:4      | Reached skill level 1 in Fighting
  4480 | D:4      | Found a staircase to the Ecumenical Temple.
  4557 | D:4      | Reached XP level 6. HP: 25/43 MP: 1/12
  4604 | Temple   | Entered the Ecumenical Temple
  4841 | Temple   | Became a worshipper of Vehumet
  5162 | D:3      | HP: 2/43 [gnoll/short sword (9)]
  5162 | D:3      | Slain by a gnoll

Skill      XL: |  1  2  3  4  5 |
---------------+----------------+-----
Fire Magic     | 3 4 |  4.7
Spellcasting   | 3 4 |  4.7
Fighting       | 1 |  1.4
Maces & Flails | |  0.5
Dodging        | |  1.7
Stealth        | |  1.8
Conjurations   | |  1.0

Action                   |  1- 3 |  4- 6 || total
-------------------------+-------+-------++-------
Melee: Unarmed           |     2 |       ||     2
       Whip              |    37 |    79 ||   116
       Hand axe          |     4 |     3 ||     7
       Kick              |    10 |     8 ||    18
 Cast: Flame Tongue      |    59 |    99 ||   158
       Throw Flame       |     3 |       ||     3
  Use: Scroll            |     3 |     2 ||     5
       Potion            |       |     9 ||     9
  Eat: Chunk             |     4 |     8 ||    12
       Meat ration       |       |     1 ||     1
Armor: Robe              |    14 |    13 ||    27
       Skin              |       |    72 ||    72
Dodge: Dodged            |    42 |    77 ||   119
Block: Buckler           |       |    21 ||    21
